 Seeded DCSS version 0.31-a0-617-g0c796e0 (webtiles) character file.

Game seed: 7008617450479934224 (custom seed)

11175 PurpleRed the Cleaver (level 11, -4/86 HPs)
             Began as a Mummy Gladiator on Aug 22, 2023.
             Was an Elder of Okawaru.
             Slain by a shadow (14 damage)
             ... on level 11 of the Dungeon.
             The game lasted 00:51:29 (14322 turns).

PurpleRed the Cleaver (Mummy Gladiator)            Turns: 14322, Time: 00:51:30

Health: -4/86      AC: 18    Str: 26    XL:     11   Next: 45%
Magic:  12/14      EV: 13    Int: 13    God:    Okawaru [****..]
Gold:   266        SH: 13    Dex: 14    Spells: 10/10 levels left

rFire   x . .        O - +0 war axe
rCold   + . .        s - +2 kite shield
rNeg    + + +        F - +3 ring mail of the Stone Wall {Str+4}
rPois   ∞            c - +1 helmet
rElec   .            E - +1 cloak
rCorr   .            J - +0 pair of gloves
SInv    .            Y - +0 pair of boots
Will    +....        u - amulet of magic regeneration
Stlth   ++           W - +6 ring of intelligence
HPRegen 0.34/turn    (no ring)
MPRegen 0.54/turn

%: faith
@: heroic
A: cold resistance 1, negative energy resistance 3, torment resistance 2, heat
vulnerability 1, in touch with death 1, no potions, faith
a: Renounce Religion, Heroism, Finesse


You were on level 11 of the Dungeon.
You worshipped Okawaru.
Okawaru was greatly pleased with you.
You visited 2 branches of the dungeon, and saw 12 of its levels.
You also visited: Sewer and Ossuary.

You collected 626 gold pieces.
You spent 360 gold pieces at shops.

Inventory:

Hand Weapons
 a - a +0 rapier
 t - a +0 hand axe
 y - a +2 heavy flail
 z - a +0 whip of freezing
 B - a +4 flail
 K - a +3 dire flail
 L - a +0 shortbow
 O - a +0 war axe (weapon)
 V - the +10 dark maul {heavy}
   (You took it off a two-headed ogre on level 9 of the Dungeon)
Missiles
 e - 6 javelins
 f - 13 poisoned darts
 n - 2 darts of dispersal
 o - 8 silver javelins
 C - 4 atropa-tipped darts
 I - 8 curare-tipped darts
 U - a throwing net
Armour
 b - a +0 leather armour
 c - a +1 helmet (worn)
 d - a +0 plate armour
 h - a +0 ring mail
 r - a +0 tower shield
 s - a +2 kite shield (worn)
 w - a +0 buckler
 A - a +2 robe of willpower
 E - a +1 cloak (worn)
 F - the +3 ring mail of the Stone Wall (worn) {Str+4}
   (You bought it in a shop on level 2 of the Dungeon)

   Str+4:     It affects your strength (+4).
 J - a +0 pair of gloves (worn)
 M - the +5 robe of Night {Dark Will+ SInv}
   (You found it on level 8 of the Dungeon)

   Dark:      It shrouds the wearer in darkness, reducing the range at which
   they can see and be seen by others.
   Will+:     It increases your willpower.
   SInv:      It lets you see invisible.
 P - a +2 scale mail of poison resistance
 Y - a +0 pair of boots (worn)
Magical Staves
 l - a staff of earth
Jewellery
 u - an amulet of magic regeneration (around neck)
 W - a +6 ring of intelligence (left hand)
Talismans
 p - a flux talisman
Wands
 m - a wand of roots (21)
 x - a wand of charming (11)
 H - a wand of polymorph (6)
 N - a wand of digging (6)
 T - a wand of flame (21)
Scrolls
 g - 2 scrolls of vulnerability
 i - a scroll of teleportation
 j - 6 scrolls of fog
 k - 3 scrolls of identify
 q - 4 scrolls of poison
 v - a scroll of revelation
 D - a scroll of blinking
 G - 3 scrolls of enchant weapon
 Q - 2 scrolls of torment
 R - a scroll of acquirement
 S - 2 scrolls of immolation
 X - a scroll of brand weapon


   Skills:
 + Level 8.2(13.2) Fighting
 - Level 2.4(7.4) Short Blades
 * Level 11.1(16.1) Axes
 - Level 1.5(6.5) Throwing
 - Level 5.0(10.0) Armour
 - Level 2.4(7.4) Dodging
 - Level 5.0(10.0) Shields
 + Level 4.1 Invocations


You had 10 spell levels left.
You didn't know any spells.
Your spell library contained the following spells:

 Spells                   Type           Power      Damage    Failure   Level
 Foxfire                  Conj/Fire      0%         2x1d4     58%         1
 Sandblast                Erth           0%         2d4       58%         1
 Blink                    Tloc           0%         N/A       73%         2
 Cigotuvi's Dreadful Rot  Necr/Pois/Air  0%         N/A       73%         2
 Lesser Beckoning         Tloc           0%         N/A       73%         2
 Momentum Strike          Conj/Tloc      0%         3d8       73%         2
 Passwall                 Tmut/Erth      0%         N/A       73%         2
 Stone Arrow              Conj/Erth      0%         3d7       91%         3
 Swiftness                Air            0%         N/A       91%         3
 Vhi's Electric Charge    Tloc/Air       0%         N/A       91%         3
 Manifold Assault         Tloc           0%         N/A       100%        4
 Passage of Golubria      Tloc           0%         N/A       100%        4
 Arcjolt                  Conj/Air       0%         1d10      100%        5
 Plasma Beam              Fire/Air       0%         2x1d10    100%        6
 Starburst                Conj/Fire      0%         6d3       100%        6


Dungeon Overview and Level Annotations

Branches:
Dungeon (11/15)            Temple (1/1) D:7            Lair (0/5) D:10
  Sewer (visited)         Ossuary (visited)
    Orc: D:9-12

Altars:
Ashenzari
Cheibriados
Dithmenos
Fedhas
Gozag
Hepliaklqana
Kikubaaqudgha
Makhleb
Nemelex Xobeh
Okawaru
Qazlal
Ru
Sif Muna
Trog
Uskayaw
Vehumet
Wu Jian
Xom
Yredelemnul

Shops:
D:2 ?[

Annotations:
D:8 1 runed translucent door
Temple 4 transporters


Innate Abilities, Weirdness & Mutations

You are immune to poison.
Your flesh is cold resistant. (rC+)
You are immune to negative energy. (rN+++)
You are immune to unholy pain and torment.
You are vulnerable to heat. (rF-)
You are in touch with the powers of death.
You do not drink.
You have a special connection with the divine. (Faith)


Message History

You hit the vampire mosquito.
The vampire mosquito is almost destroyed.
The vampire mosquito bites you. The vampire mosquito misses you.
You barely miss the vampire mosquito.
The vampire mosquito is almost destroyed.
You feel like a meek peon again.
You block the vampire mosquito's attack.
You closely miss the vampire mosquito.
The vampire mosquito is almost destroyed.
You block the vampire mosquito's attack. x2
You slash the vampire mosquito!
You destroy the vampire mosquito!
Okawaru accepts your kill.
You block the vampire mosquito's attack.
You barely miss the vampire mosquito. The vampire mosquito barely misses you.
The vampire mosquito bites you.
You miss the vampire mosquito. The vampire mosquito misses you.
You block the vampire mosquito's attack.
The shadow slips into darkness.
The shadow flickers and vanishes!
Deactivating autopickup; reactivate with Ctrl-A.
You slash the vampire mosquito!
The vampire mosquito is heavily damaged.
The vampire mosquito completely misses you.
The vampire mosquito closely misses you.
You slice the vampire mosquito!!
You destroy the vampire mosquito!
Okawaru accepts your kill.
The shadow strikes at you from the darkness!
You hit something but do no damage.
The shadow strikes at you from the darkness!
* * * LOW HITPOINT WARNING * * *
Reactivating autopickup.
You barely miss the shadow.
The shadow slips into darkness.
The shadow flickers and vanishes!
Deactivating autopickup; reactivate with Ctrl-A.
You gain the combat prowess of a mighty hero.
The shadow strikes at you from the darkness!
You die...

#...<....#
#........#
#........#
#........#
#........#
#.######.# #.#
#.# #.#
#.######## #.#
#.@{......
#.######.########
#........#
#.######.# #.#
#.# #.# #.# #.#
#.. #.# #.# #.#
#.#


There were no monsters in sight!

Vanquished Creatures
  A two-headed ogre (D:9)
  Sonja (D:10)
  Pikel (D:5)
  A cyclops (D:9)
  A kobold demonologist (D:9)
  A troll (D:11)
  Prince Ribbit (D:7)
  16 yaks
  Sigmund (D:2)
  3 vampires
  4 wyverns
  A basilisk (D:10)
  3 vampire mosquitoes (D:11)
  5 water moccasins
  4 orc warriors
  A sky beast (D:6)
  A black bear (D:6)
  3 ice beasts
  6 centaurs
  2 elf zombies (Ossuary)
  2 lemures (D:5)
  4 kobold brigands
  2 phantoms (D:5)
  3 bullfrogs
  5 scorpions
  13 wights
  3 killer bees (D:10)
  3 hounds
  A human zombie (Ossuary)
  3 orc priests
  2 jellies
  3 iguanas
  3 sleepcaps
  7 orc wizards
  3 mummies
  9 adders
  A gnoll (D:5)
  A river rat (Sewer)
  A shadow imp (D:7)
  2 white imps (D:6)
  An ufetubus (D:6)
  2 worms
  3 dart slugs
  24 orcs
  7 endoplasms
  3 giant cockroaches
  8 goblins
  4 hobgoblins
  9 jackals
  19 kobolds
  4 quokkas
  8 ball pythons
  2 bats
  3 frilled lizards (D:1)
  3 goblin zombies (Ossuary)
  6 hobgoblin zombies (Ossuary)
  3 jackal zombies (Ossuary)
  14 kobold zombies (Ossuary)
  7 orc zombies (Ossuary)
  11 rats
  A rat zombie (Ossuary)
270 creatures vanquished.

Notes
Turn   | Place    | Note
-------+----------+-------------------------------------------
     0 | D:1      | PurpleRed the Mummy Gladiator began the quest for the Orb.
     0 | D:1      | Reached XP level 1. HP: 16/16 MP: 1/1
   383 | D:1      | Reached skill level 1 in Axes
   383 | D:1      | Reached XP level 2. HP: 22/22 MP: 2/2
  1099 | D:2      | Found Nerro's Antique Armour Shop.
  1158 | D:2      | Gained mutation: You are in touch with the powers of death.
                  | [Mummy growth]
  1158 | D:2      | Reached XP level 3. HP: 26/28 MP: 3/3
  1281 | D:2      | Reached skill level 2 in Axes
  1295 | D:2      | Noticed Sigmund
  1892 | D:3      | Reached XP level 4. HP: 33/34 MP: 4/4
  2261 | D:3      | Found a sparkling altar of Nemelex Xobeh.
  2361 | D:4      | Found a stormy altar of Qazlal.
  2363 | D:4      | Noticed a scorpion
  2386 | D:4      | Killed a scorpion
  2387 | D:4      | Reached skill level 3 in Axes
  2387 | D:4      | Reached XP level 5. HP: 27/41 MP: 5/5
  2518 | D:4      | Found a glowing drain.
  2522 | Sewer    | Entered a sewer
  2588 | Sewer    | Reached skill level 4 in Axes
  2588 | Sewer    | Reached XP level 6. HP: 32/48 MP: 6/6
  2777 | D:4      | Found a sand-covered staircase.
  2812 | Ossuary  | Entered an ossuary
  3273 | Ossuary  | Reached skill level 1 in Shields
  3273 | Ossuary  | Reached XP level 7. HP: 41/55 MP: 7/7
  3610 | D:4      | Reached skill level 5 in Axes
  4043 | D:5      | Entered Level 5 of the Dungeon
  4184 | D:5      | Reached skill level 5 in Fighting
  4621 | D:5      | Reached XP level 8. HP: 56/62 MP: 8/8
  4841 | D:5      | Noticed Pikel
  5577 | D:6      | Reached skill level 6 in Axes
  6123 | D:5      | Killed Pikel
  6124 | D:5      | Reached skill level 7 in Axes
  6490 | D:2      | Bought a cloak for 90 gold pieces
  6495 | D:2      | Bought a masterwork ring mail for 180 gold pieces
  6495 | D:2      | Identified the +3 ring mail of the Stone Wall {Str+4} (You
                  | bought it in a shop on level 2 of the Dungeon)
  6681 | D:2      | Killed Sigmund
  6749 | D:2      | Found Vysuoche's Magic Scroll Shoppe.
  6758 | D:2      | Bought a scroll of blinking for 90 gold pieces
  7185 | D:6      | Reached XP level 9. HP: 69/69 MP: 9/9
  7231 | D:6      | Reached skill level 1 in Armour
  7451 | D:6      | Found a hide-covered altar of Uskayaw.
  8036 | D:7      | Got the Handbook of the Relocated Zephyr
  8047 | D:7      | Noticed Prince Ribbit
  8176 | D:7      | Reached skill level 8 in Axes
  8197 | D:7      | Killed Prince Ribbit
  8702 | D:7      | Found a blossoming altar of Fedhas.
  8937 | D:7      | Reached skill level 5 in Shields
  8954 | D:7      | Found a staircase to the Ecumenical Temple.
  8960 | Temple   | Found a transporter.
  8960 | Temple   | Found a transporter.
  8960 | Temple   | Found a transporter.
  8960 | Temple   | Found a transporter.
  8960 | Temple   | Entered the Ecumenical Temple
  8978 | Temple   | Became a worshipper of Warmaster Okawaru
  9337 | D:7      | Reached skill level 9 in Axes
  9337 | D:7      | Reached skill level 1 in Invocations
  9647 | D:8      | Found the +5 robe of Night {Dark Will+ SInv}
  9665 | D:8      | Noticed a sixfirhy
  9666 | D:8      | Found a runed translucent door.
  9749 | D:8      | Reached XP level 10. HP: 63/76 MP: 11/11
  9821 | D:8      | Noticed a gargoyle
 10298 | D:8      | Reached * piety under Okawaru
 10730 | D:8      | Found a bloodstained altar of Trog.
 10874 | D:8      | Found a broken altar of Ashenzari.
 11705 | D:9      | Reached ** piety under Okawaru
 12109 | D:9      | Noticed a cyclops
 12131 | D:9      | Killed a cyclops
 12229 | D:9      | Noticed a two-headed ogre
 12250 | D:9      | Killed a two-headed ogre
 12250 | D:9      | Reached *** piety under Okawaru
 12568 | D:9      | Reached skill level 10 in Axes
 12698 | D:9      | Found a hazy altar of Hepliaklqana.
 12771 | D:10     | Entered Level 10 of the Dungeon
 12771 | D:10     | Noticed Sonja
 12901 | D:10     | Identified a scroll of acquirement
 13221 | D:10     | Found an ornate altar of the Wu Jian Council.
 13285 | D:10     | Killed Sonja
 13286 | D:10     | Reached XP level 11. HP: 49/84 MP: 14/14
 13457 | D:10     | Reached **** piety under Okawaru
 13481 | D:10     | Reached skill level 5 in Armour
 13880 | D:10     | Found a staircase to the Lair.
 13923 | D:10     | Reached skill level 11 in Axes
 14152 | D:10     | Found a snail-covered altar of Cheibriados.
 14322 | D:11     | Slain by a shadow

Illustrated notes

Levels and vault maps discovered:
D:1:      dpeg_arrival_boxorama, layout_basic, chequers_serial_rivers_room_b
D:2:      layout_loops_ring, serial_shops, nicolae_shop_stone, shop,
          uniq_sigmund
D:3:      layout_basic, nemelex_spade_bored_becter,
          hangedman_abyss_or_decor_lesser_grid
D:4:      minmay_diamond_boxcup, layout_basic, nicolae_qazlal_scattered_showers,
          gup_sewer_entry_bowl, lightli_ossuary_entry_decrepit_ruins,
          minivault_11
D:5:      layout_basic, jmf_multi_god_temple, st_stairs_13, uniq_pikel
D:6:      nicolae_cairo_tiling_very_big, layout_basic,
          nicolae_uskayaw_murder_on_the_dancefloor
D:7:      nicolae_whirlpool, layout_cave_pools, fedhas_altar_fruit_tree,
          minmay_temple_entry_hall, chequers_serial_rivers_micro_d,
          uniq_prince_ribbit1
D:8:      cheibrodos_shockbox, layout_basic, ashenzari_conservatory_becter,
          mainiacjoe_overflow_chevrons, enter_bailey_2
D:9:      layout_loops_ring, lemuel_round_altar,
          hellmonk_guarded_unrand_dark_maul
D:10:     layout_cave_pools, amcnicky_altar_gilded, slow_altar_2,
          minmay_lair_entry_grove, nicolae_concentric_dashed_squares_wild,
          uniq_sonja
D:11:     layout_small_grid, orc_david_3, chequers_serial_rivers_small_b,
          uniq_erica
Temple:   hellmonk_temple_divided_pantheon

Skill      XL: |  1  2  3  4  5  6  7  8  9 10 11 |
---------------+----------------------------------+-----
Axes           | 1 2 3 4 5 7 9 10 11 | 11.1
Fighting       | 3 4 5 6 7 8 |  8.2
Shields        | 1 2 3 5 |  5.0
Armour         | 3 4 5 |  5.0
Invocations    | 2 4 |  4.1
Short Blades   | |  2.4
Throwing       | |  1.5
Dodging        | |  2.4

Action                     |  1- 3 |  4- 6 |  7- 9 | 10-12 || total
---------------------------+-------+-------+-------+-------++-------
  Melee: Rapier            |   135 |   383 |    94 |       ||   612
         Punch             |     3 |     2 |       |       ||     5
         Hand axe          |       |       |   750 |   155 ||   905
         War axe           |       |       |       |   366 ||   366
  Throw: Dart              |     1 |     1 |    23 |     9 ||    34
         Throwing net      |       |       |     3 |     2 ||     5
         Javelin           |       |       |     6 |       ||     6
 Invoke: Heroism           |       |       |       |     8 ||     8
  Evoke: Wand              |       |       |     2 |     4 ||     6
    Use: Scroll            |       |     6 |     5 |     8 ||    19
   Stab: Invisible         |       |     1 |     1 |       ||     2
         Held in net/web   |       |       |       |     1 ||     1
 Armour: Ring mail         |    33 |   105 |   216 |   171 ||   525
         Plate armour      |       |       |    52 |       ||    52
  Dodge: Dodged            |    78 |   157 |   271 |   163 ||   669
  Block: Kite shield       |       |    65 |   462 |   289 ||   816

Table legend: (Time is in decaauts)
 A = Elapsed time spent in this place.
 B = Non-inter-level travel time spent in this place.
 C = Inter-level travel time spent in this place.
 D = Time resting spent in this place.
 E = Time spent auto-exploring this place.
 F = Levels seen in this place.
 G = Mean time per level.
                   A        B        C        D        E       F      G
               +--------+--------+--------+--------+--------+-----+--------+
         Total |  14579 |  13904 |    675 |   1752 |   6659 |  14 | 1041.4 |
       Dungeon |  13651 |  12976 |    675 |   1623 |   6659 |  11 | 1241.0 |
        Temple |     38 |     38 |      0 |      0 |      0 |   1 |   38.0 |
         Sewer |    274 |    274 |      0 |      0 |      0 |   1 |  274.0 |
       Ossuary |    615 |    615 |      0 |    129 |      0 |   1 |  615.0 |
               +--------+--------+--------+--------+--------+-----+--------+

Top non-repeatable levels by time:
     D:8: 1854 daAuts
     D:7: 1593 daAuts
     D:6: 1586 daAuts
     D:4: 1558 daAuts
     D:9: 1504 daAuts
     D:5: 1386 daAuts
    D:10: 1223 daAuts
     D:1: 1222 daAuts
     D:3: 854 daAuts
     D:2: 805 daAuts
 Ossuary: 615 daAuts
   Sewer: 274 daAuts
    D:11: 60 daAuts
  Temple: 38 daAuts
